 Dungeon Crawl Stone Soup version 0.28.0-53-g5a82cb258f (webtiles) character file.

Game seed: 14691524132260634919

198 mcbry74 the Conjurer (level 5, -3/31 HPs)
             Began as an Octopode Conjurer on June 30, 2022.
             Was an Initiate of Dithmenos.
             Splashed by a jelly's acid (12 damage)
             ... on level 4 of the Dungeon.
             The game lasted 00:08:58 (4346 turns).

mcbry74 the Conjurer (Octopode Conjurer)            Turns: 4346, Time: 00:09:00

Health: -3/31      AC: -7    Str:  7    XL:     5   Next: 77%
Magic:  8/9        EV: 13    Int: 22    God:    Dithmenos [......]
Gold:   75         SH:  0    Dex: 10    Spells: 9/10 levels left

rFire   . . .      SeeInvis .   g - +0 dagger
rCold   . . .      Faith    .   (no shield)
rNeg    . . .      Spirit   .   (helmet restricted)
rPois   .          Reflect  .   (no amulet)
rElec   .          Harm     .   (no ring)
rCorr   .          Rampage  .   (no ring)
Will    .....                   (no ring)
Stlth   ++++......              (no ring)
HPRegen 0.10/turn               (no ring)
MPRegen 0.11/turn               (no ring)
                                (no ring)
                                (no ring)

@: corroded
A: almost no armour, amphibious, 8 rings, camouflage 1, gelatinous body 1,
(nimble swimmer 1), tentacles
a: Renounce Religion


You were on level 4 of the Dungeon.
You worshipped Dithmenos.
Dithmenos was noncommittal.
You visited 1 branch of the dungeon, and saw 4 of its levels.

You collected 75 gold pieces.

Inventory:

Hand Weapons
 b - a +0 spear
 e - a +0 short sword
 g - a +0 dagger (weapon)
 o - a +0 dagger of distortion
Jewellery
 c - a ring of ice
Scrolls
 a - a scroll of blinking {unknown}
 d - 2 scrolls of magic mapping {unknown}
 h - a scroll of brand weapon {unknown}
 i - 3 scrolls of identify {unknown}
 j - a scroll of holy word {unknown}
 k - a scroll of fog {unknown}
 p - a scroll of teleportation {unknown}
Potions
 f - a potion of degeneration {unknown}
 l - a potion of attraction {unknown}
 m - a potion of heal wounds {unknown}
 n - a potion of mutation {unknown}


   Skills:
 - Level 2.0 Dodging
 + Level 4.7 Stealth
 + Level 3.1 Spellcasting
 * Level 5.5 Conjurations


You had 9 spell levels left.
You knew the following spells:

 Your Spells              Type           Power      Damage    Failure   Level
a - Magic Dart            Conj           100%       1d8       1%          1

Your spell library contained the following spells:

 Spells                   Type           Power      Damage    Failure   Level
 Searing Ray              Conj           56%        2d6       1%          2
 Dazzling Flash           Conj/Hex       30%        N/A       12%         3
 Fulminant Prism          Conj/Hex       7%         3d7       36%         4
 Iskenderun's Mystic Bla  Conj/Tloc      15%        2d5       36%         4


Dungeon Overview and Level Annotations

Branches:
Dungeon (4/15)
 Temple: D:4-7

Altars:
Dithmenos


Innate Abilities, Weirdness & Mutations

You cannot wear most types of armour.
You are amphibious.
You can wear up to eight rings at the same time.
Your skin changes colour to match your surroundings (Stealth+).
Your rubbery body absorbs attacks. (AC +1, EV +1)
((You are camouflaged when in or above water. (Stealth+)))
You have tentacles for arms and can constrict up to eight enemies at once.


Message History

You start resting.
A dart slug is nearby!
A dart slug is nearby!
An endoplasm comes into view.
An endoplasm is nearby!
You see here a scroll labelled HEULEFR VUFO.
A jelly comes into view.
The helpless endoplasm fails to defend itself.
You puncture the endoplasm!
You kill the endoplasm!
Dithmenos accepts your kill.
The jelly quivers.
The dart slug bites you.
Casting: Magic Dart (safe; 1% risk of failure)
Confirm with . or Enter, or press ? or * to list all spells.
Aiming: Magic Dart (safe; 1% risk of failure)
Press: ? - help, Shift-Dir - straight line, f - jelly
Aim: a jelly (100% to hit)
The magic dart hits the jelly.
The jelly is moderately wounded.
You barely miss the jelly.
The jelly is moderately wounded.
The jelly completely misses you.
You hit the jelly.
Your tentacles burn!
The jelly is heavily wounded.
The jelly barely misses you.
You hit the jelly. The acid corrodes you!
Your tentacles burn!
The jelly is heavily wounded.
The jelly misses you.
You hit the jelly but do no damage. The acid corrodes you!
Your tentacles burn!
You squeeze the jelly, but do no damage.
The jelly is heavily wounded.
The jelly closely misses you. The dart slug closely misses you.
You hit the jelly but do no damage.
Your tentacles burn!
You squeeze the jelly, but do no damage.
The jelly is heavily wounded.
The jelly hits you.
* * * LOW HITPOINT WARNING * * *
You are splashed with acid!
You die...

######
#.#.#.#.###.#
....###............
#†..##..?#.#.###.#
#............#
##....##.######
..###........#
..............#
...###......wJ# #
###...##@#
######...##.###
#..............
#.#####.###.### #.#
#.# #.# #.# #.# #..
#†# .#. ..#


You could see a jelly and a dart slug.

Vanquished Creatures
  A bullfrog (D:4)
  An orc wizard (D:3)
  Natasha (D:4)
  Robin (D:2)
  An adder (D:2)
  A worm (D:2)
  2 dart slugs
  5 orcs (D:3)
  A ball python (D:1)
  6 endoplasms
  11 goblins
  11 hobgoblins
  A kobold (D:3)
  A quokka (D:1)
  6 bats
  A frilled lizard (D:2)
  A rat (D:1)
52 creatures vanquished.

Notes
Turn   | Place    | Note
-------+----------+-------------------------------------------
     0 | D:1      | mcbry74 the Octopode Conjurer began the quest for the Orb.
     0 | D:1      | Reached XP level 1. HP: 11/11 MP: 3/3
   282 | D:1      | Reached XP level 2. HP: 14/17 MP: 5/5
  1562 | D:2      | Noticed Robin
  1597 | D:2      | Reached XP level 3. HP: 14/21 MP: 6/6
  1603 | D:2      | Killed Robin
  2171 | D:2      | Reached XP level 4. HP: 19/27 MP: 7/7
  2897 | D:3      | Reached skill level 5 in Conjurations
  4051 | D:3      | Found a shadowy altar of Dithmenos.
  4061 | D:3      | Became a worshipper of Dithmenos the Shadowed
  4093 | D:4      | Noticed a bullfrog
  4099 | D:4      | Killed a bullfrog
  4100 | D:4      | Reached XP level 5. HP: 16/31 MP: 9/9
  4249 | D:4      | Noticed Natasha
  4260 | D:4      | Killed Natasha
  4346 | D:4      | Splashed by a jelly's acid

Illustrated notes

Levels and vault maps discovered:
D:1:      saegor_arrival_simple_c, layout_loops_ring, serial_forest,
          infiniplex_forest_lined_2, infiniplex_forest_straight_4,
          infiniplex_forest_clump_cross, infiniplex_forest_lined_room_2,
          infiniplex_forest_clump_small, infiniplex_forest_end_2,
          nicolae_figureground_pulse
D:2:      layout_loops_ring, minmay_misc_feat_five, uniq_robin
D:3:      layout_loops_ring, mainiacjoe_overflow_alcove_1
D:4:      layout_loops_ring, nicolae_sif_muna_little_library,
          general_overflow_altar, uniq_natasha, uniq_pikel

Skill      XL: |  1  2  3  4 |
---------------+-------------+-----
Stealth        | 3 4 |  4.7
Conjurations   | 5 |  5.5
Spellcasting   | 3 |  3.1
Dodging        | |  2.0

Action                   |  1- 3 |  4- 6 || total
-------------------------+-------+-------++-------
Melee: Spear             |    51 |       ||    51
       Constrict         |    16 |     8 ||    24
       Unarmed           |     2 |       ||     2
       Tentacles         |    16 |    11 ||    27
       Dagger            |    19 |    44 ||    63
 Cast: Magic Dart        |    25 |    21 ||    46
 Stab: Sleeping          |     7 |     5 ||    12
Armor: Skin              |     3 |     3 ||     6
Dodge: Dodged            |    34 |    15 ||    49
